[Event "5th Vera Menchik Memorial 2022"]
[Site "Prag"]
[Date "2022.06.05"]
[Round "1.2"]
[White "Pecka, Jan"]
[Black "Pulpan, Jakub"]
[Result "0-1"]
[ECO "B01"]
[WhiteElo "1863"]
[BlackElo "2418"]
[Annotator "TA"]
[PlyCount "82"]
[EventDate "2022.06.05"]
[EventType "tourn"]
[EventCountry "CZE"]
[SourceTitle "playchess.com"]
[Source "ChessBase"]
[SourceQuality "1"]
[TimeControl "720+3"]

1. e4 d5 2. exd5 Nf6 3. Bb5+ Bd7 4. Bxd7+ Qxd7 5. Nf3 Qxd5 6. O-O {[%emt 0:00:04] B01: Scandinavian Defence.} e6 7. d4 Bd6 {[%emt 0:00:03] [#]} 8. Qe2 $146 {[%emt 0:00:47] The position is equal.} ({Predecessor:} 8. Qd3 Nc6 9. Nc3 Qh5 10. Nb5 O-O 11. Nxd6 cxd6 12. Bg5 Qg6 13. Qxg6 hxg6 14. Bxf6 gxf6 {0-1 (48) Filgueiras,N (2260)-Gauche,C (2201) Caioba 2019}) 8... Nc6 9. Be3 O-O-O 10. c4 Qh5 11. Nc3 e5 {[%emt 0:00:18] And now ...exd4 would win.} 12. d5 {[%emt 0:00:12] Strongly threatening Ng5.} Ne7 $2 (12... e4 $15 {stays ahead.} 13. Nxe4 (13. dxc6 $2 exf3 14. cxb7+ Kd7 $19) 13... Nxe4 14. dxc6 Bxh2+ $1 15. Kh1 bxc6) 13. Qc2 (13. Bxa7 e4 14. Nxe4 Bxh2+ 15. Kh1 Bd6+ 16. Kg1 Bh2+ 17. Kh1 Bf4+ 18. Kg1 Bh2+ $11) (13. Ng5 $1 $16) 13... Ng4 {[%emt 0:01:17] [#]} (13... Qg6 $14 14. Qe2 (14. Qxg6 Nxg6 15. Nb5 a6 $14) 14... Nf5) 14. Ne4 $1 $36 {[%emt 0:01:49][%mdl 2048] Black is under strong pressure.} ({Of course not} 14. Bxa7 $6 e4 15. Nxe4 (15. Qxe4 $2 Bxh2+ 16. Kh1 Nf5 $19) 15... Bxh2+ 16. Kh1 Ng6 $15) 14... f5 {[%emt 0:00:56] [#]} 15. Ng3 Nxe3 16. fxe3 (16. Nxh5 $2 {loses.} Nxc2 17. Rac1 Nb4 $19) 16... Qh6 {[%emt 0:01:42] White must now prevent ...e4.} 17. Nxf5 Qf6 (17... Nxf5 $142 18. Qxf5+ Kb8) 18. Nxe7+ Qxe7 19. Nd2 Bc5 20. Qe4 Rhf8 21. Nf3 ({White should play} 21. Qd3 $18) 21... Rf4 $1 $11 22. Qxe5 {[%emt 0:00:13][%mdl 8192] [#] Loses the game.} ({But not} 22. Qd3 $2 e4 23. Qe2 exf3 24. Rxf3 Rxf3 25. Qxf3 Rf8 26. Qg4+ Kb8 $19) (22. Qxh7 $11 {and White is okay.} Bxe3+ 23. Kh1) 22... Rxf3 $1 $19 23. Qxe7 Rxf1+ 24. Rxf1 Bxe7 $11 {[%emt 0:00:01][%mdl 4096] Endgame KRB-KR} 25. Rf7 Bc5 26. Rxg7 Bxe3+ 27. Kf1 h6 28. Rf7 b5 29. b3 bxc4 30. bxc4 Rd6 31. Rf3 Bc5 32. Rb3 Rf6+ {[%emt 0:00:19] Black is clearly winning.} 33. Ke1 Rf4 34. Rh3 Rxc4 35. Rxh6 Rc2 36. Rc6 Bb4+ 37. Kd1 Rxg2 38. Rc4 a5 39. h4 Rxa2 40. Kc1 Rh2 {[%emt 0:00:02] Threatens to win with ...Kb7.} 41. Kb1 Kb7 {[%emt 0:00:03] Weighted Error Value: White=0.81/Black=0.18 (very precise)} 0-1

[Event "5th Vera Menchik Memorial 2022"]
[Site "Prag"]
[Date "2022.06.05"]
[Round "1.3"]
[White "Jirovsky, Milos"]
[Black "Partl, Miloslav"]
[Result "1-0"]
[ECO "E60"]
[WhiteElo "2458"]
[BlackElo "1866"]
[Annotator "TA"]
[PlyCount "91"]
[EventDate "2022.06.05"]
[EventType "tourn"]
[EventCountry "CZE"]
[SourceTitle "playchess.com"]
[Source "ChessBase"]
[SourceQuality "1"]
[TimeControl "720+3"]

1. Nf3 g6 2. c4 Bg7 3. g3 Nf6 4. Bg2 O-O 5. O-O c6 6. d4 Na6 7. Nc3 Nc7 8. e4 d6 {[%emt 0:00:00] E60: King's Indian: Unusual lines and Fianchetto Variation without Nc3.} 9. h3 Bd7 10. Be3 {[%emt 0:00:02] [#]} (10. e5 $16 Nfe8 11. Re1) 10... a5 $146 {[%emt 0:00:00] White is slightly better.} ({Predecessor:} 10... b5 11. e5 Nfe8 12. b3 b4 13. Ne2 Rb8 14. Qd2 Qc8 15. Kh2 Bf5 16. Bh6 Be4 17. Bxg7 Kxg7 {1-0 (36) Jovanovic,M (2057)-Markovic,T (1525) Belgrade 2008}) 11. Qc2 b5 12. Nd2 bxc4 13. Nxc4 d5 14. Nb6 Rb8 15. Nxd7 Qxd7 (15... Nxd7 $14 16. Rad1 (16. exd5 cxd5 17. Nxd5 Nxd5 $14) 16... dxe4) 16. e5 $16 Nfe8 (16... Ne4 $16 {keeps fighting.}) 17. Na4 $36 {[%emt 0:00:04][%mdl 2048] White has strong initiative.} Ne6 18. Rac1 Rb4 19. Rfd1 (19. Nc5 Nxc5 20. Qxc5 Rxb2 21. Qxc6 Qxc6 22. Rxc6 e6 $16) 19... c5 20. Nxc5 Nxc5 21. Qxc5 (21. dxc5 e6 22. f4 Qc7 $18) 21... Rxb2 22. Qxa5 e6 23. Rb1 Rxb1 24. Rxb1 f6 25. f4 fxe5 26. fxe5 (26. dxe5 g5 27. Rb8 gxf4 28. Bxf4 (28. gxf4 Qf7 $18) 28... Nc7 $18) 26... Rf7 27. Rb8 Bf8 28. a4 {[%emt 0:02:47] Hoping for Kh2.} Ng7 29. g4 {[%emt 0:00:11] Against Nf5} h5 30. Qb5 Qe7 31. Qd3 {[%emt 0:00:30] Inhibits Qa3. a5 is the strong threat.} hxg4 (31... Qa7 $142 32. Rb1 Kh7) 32. hxg4 ({Weaker is} 32. Qxg6 Qh4 33. Qg5 (33. Kh2 $2 gxh3 34. Bh1 Qe1 $19) 33... Qg3 34. hxg4 Rf3 $11) 32... Qa7 33. Qb5 {[%emt 0:00:41] Strongly threatening a5.} Qe7 34. Qd3 {[%emt 0:00:45] Inhibits Qa3. Threatens to win with a5.} Qa7 35. Rb1 (35. Qb3 $18) 35... Qxa4 $16 36. Qxg6 {[%emt 0:00:02] [#] And now Bf1 would win.} Qa2 (36... Qa3 $16 {might work better.} 37. Qg5 Qe7 38. Qxe7 Bxe7 39. Rb8+ Rf8 40. Rxf8+ Kxf8) 37. Qd3 Ne8 (37... Ra7 {is a better defense.}) 38. Kh2 Rf3 $2 (38... Ng7 39. Rb8 Qa7) 39. Re1 $2 (39. Qg6+ Ng7 {[#]} 40. Rb7 $1) 39... Ng7 $2 (39... Rf7 40. Rb1 Ng7) 40. Re2 $18 Rxe3 41. Qxe3 (41. Rxa2 $2 {loses.} Rxd3 42. Ra1 Rxd4 $19) 41... Qc4 42. Rf2 {[%emt 0:00:02] Qf4 would kill now.} Be7 43. Kg3 Qc8 44. Bf1 {[%emt 0:00:15] White threatens Bd3 and mate.} Qe8 45. Bd3 Qd8 46. Qh6 {[%emt 0:00:03] Weighted Error Value: White=0.61/Black=0.49} 1-0

[Event "5th Vera Menchik Memorial 2022"]
[Site "Prag"]
[Date "2022.06.05"]
[Round "1.4"]
[White "Frouz, Petr"]
[Black "Sahidi, Samir"]
[Result "0-1"]
[ECO "D94"]
[WhiteElo "1846"]
[BlackElo "2459"]
[Annotator "TA"]
[PlyCount "101"]
[EventDate "2022.06.05"]
[EventType "tourn"]
[EventCountry "CZE"]
[SourceTitle "playchess.com"]
[Source "ChessBase"]
[SourceQuality "1"]
[TimeControl "720+3"]

1. d4 Nf6 2. Nf3 g6 3. c4 Bg7 4. Nc3 d5 5. e3 O-O 6. Be2 dxc4 7. Bxc4 c5 8. O-O cxd4 9. Qxd4 {[%emt 0:00:23] D94: Grünfeld: 4 Nf3 Bg7 5 e3.} Qa5 10. Qd1 Nc6 {[%emt 0:00:11] [#]} (10... Qc7 $5 11. Qe2 Bg4 $11) 11. Re1 $146 {[%emt 0:00:13] The position is equal.} ({Predecessor:} 11. Qe2 Bg4 12. h3 Bxf3 13. Qxf3 Ne5 14. Qe2 Nxc4 15. Qxc4 Rfd8 16. e4 a6 17. Qe2 {½-½ (49) Krawczyk,W (1780)-Kyc,J (2279) Dobczyce 2019}) 11... a6 12. Bd2 Bg4 13. Be2 Rfd8 14. a3 Rd7 {[%emt 0:00:39] [#] White must now prevent ...Qd8.} 15. Qc2 Rad8 {[%emt 0:00:14] And now ...Bxf3 would win.} 16. Ne4 (16. Rad1 $11 {keeps the balance.}) 16... Qf5 $17 17. Nxf6+ Bxf6 ({Reject} 17... exf6 $6 18. e4 Qe6 19. Bc3 $11) 18. Qxf5 gxf5 19. Bc3 Bxc3 20. bxc3 Bxf3 21. Bxf3 Na5 22. Red1 Kg7 23. Kf1 Nc4 24. Rd4 Nd2+ 25. Ke2 Nb3 26. Rxd7 Rxd7 $11 {[%emt 0:00:02][%mdl 4096] Endgame KRB-KRN} 27. Rb1 Nc5 28. Rb4 b5 29. Rd4 (29. Rf4 $11 {feels stronger.}) 29... Rc7 $1 $15 30. Rd5 Kf6 31. Kd2 Na4 32. Rd3 Nb2 33. Rd8 Nc4+ 34. Kc2 Nxa3+ 35. Kb3 Nc4 36. Ra8 a5 37. Be2 Nd2+ 38. Kb2 {[%emt 0:00:00] [#]} b4 ({Black should play} 38... Ne4 $1 $17 39. Rxa5 Rd7) 39. cxb4 (39. Rxa5 $15 Rxc3 40. Rb5) 39... axb4 $17 40. Rb8 Ne4 41. Rxb4 Nxf2 42. Rh4 Kg6 43. Rf4 Ne4 44. Bd3 Nd6 ({Better is} 44... e5 $19 45. Rf1 Rd7) 45. g4 e6 46. h4 (46. gxf5+ $17 {might work better.} Nxf5 47. Rf3) 46... Kf6 $19 47. gxf5 exf5 (47... Nxf5 $19 48. Kb3 Ke5) 48. e4 $2 {[%emt 0:00:00][%mdl 8192] This move loses the game for White.} (48. Ra4 $17) 48... Ke5 {[%emt 0:00:05][%csl LRe4,LRf4] Black is clearly winning.} 49. Rf1 fxe4 50. Re1 f5 51. Re3 {[%emt 0:00:00] Weighted Error Value: White=0.37/Black=0.12 (very precise)} 0-1

[Event "5th Vera Menchik Memorial 2022"]
[Site "Prag"]
[Date "2022.06.05"]
[Round "1.5"]
[White "Neuman, Petr"]
[Black "Slechta, Karel"]
[Result "1-0"]
[ECO "D20"]
[WhiteElo "2389"]
[BlackElo "1832"]
[Annotator "TA"]
[PlyCount "59"]
[EventDate "2022.06.05"]
[EventType "tourn"]
[EventCountry "CZE"]
[SourceTitle "playchess.com"]
[Source "ChessBase"]
[SourceQuality "1"]
[TimeControl "720+3"]

1. d4 d5 2. c4 dxc4 3. e4 e5 4. Nf3 exd4 5. Bxc4 Nf6 6. O-O {[%emt 0:00:13] [#] Threatens to win with Ng5. D20: Queen's Gambit Accepted: 3 e3 and 3 e4.} ({Don't play} 6. Nxd4 Bc5 7. Be3 Ng4 $11) (6. Qb3 $5 Qe7 7. O-O $14 (7. Nxd4 Qxe4+ 8. Be3 Qg6 $11)) 6... Be7 {[%emt 0:00:07] [#]} 7. Re1 $146 ({Predecessor:} 7. e5 Nd5 8. Qb3 c6 9. Bxd5 Qxd5 10. Qxd5 cxd5 11. Nxd4 a6 12. Be3 Nc6 13. f4 {1-0 (45) Vujec,I (2161)-Matkun,E (1952) Croatia 2017}) 7... O-O 8. Nxd4 {[%emt 0:00:04] White is slightly better.} c5 9. Nb5 a6 {[%emt 0:00:09] [#] Hoping for ...Qxd1.} 10. Qxd8 Bxd8 11. Nd6 b5 ({Black should try} 11... Bc7 $14 12. Nxc8 Rxc8) 12. Nxc8 $16 {[%emt 0:00:03][%cal Oe4e5] 0x0.001e35dd441ddp-1022s more active pieces.} bxc4 13. Nd6 Nc6 14. Nxc4 Nd4 15. Nba3 {[%emt 0:00:03] Against Nc2} Bc7 16. f3 Rab8 17. Be3 Rfd8 18. Rac1 Nd7 19. b3 Ne5 (19... a5 $16 20. Nb2 Nc6) 20. Nxe5 $18 Bxe5 21. Rxc5 f6 22. Rd5 (22. f4 $18 {has better winning chances.}) 22... Rxd5 $16 23. exd5 Rd8 24. f4 Bd6 25. Nc4 Nc2 26. Bb6 (26. Rd1 $16 {Bb6 is the strong threat.} Nxe3 27. Nxe3) 26... Nxe1 $4 {[%emt 0:06:30][%mdl 8192] Loses the game.} (26... Bc5+ $1 $11 {and Black is okay.} 27. Kh1 (27. Bxc5 Nxe1 28. d6 Nd3 $11) 27... Rxd5) 27. Bxd8 $18 Bxf4 (27... Bc5+ $142 28. Kf1 Nd3) 28. d6 Kf7 29. Ba5 {[%emt 0:00:00] And now d7 would win.} Nd3 (29... Nf3+ $142 30. gxf3 Ke6) 30. d7 {[%emt 0:00:00] Weighted Error Value: White=0.23 (precise) /Black=0.50} 1-0

[Event "5th Vera Menchik Memorial 2022"]
[Site "Prag"]
[Date "2022.06.05"]
[Round "1.6"]
[White "Sladek, Vladislav"]
[Black "Mladek, Richard"]
[Result "0-1"]
[ECO "C24"]
[WhiteElo "1919"]
[BlackElo "2361"]
[Annotator "TA"]
[PlyCount "66"]
[EventDate "2022.06.05"]
[EventType "tourn"]
[EventCountry "CZE"]
[SourceTitle "playchess.com"]
[Source "ChessBase"]
[SourceQuality "1"]
[TimeControl "720+3"]

1. e4 e5 2. Bc4 Nf6 3. d4 exd4 4. Nf3 Bc5 5. e5 {[%emt 0:00:04] [#]} d5 $1 6. exf6 {[%emt 0:00:27] C24: Bishop's Opening: 2...Nf6.} dxc4 7. fxg7 Qe7+ {[%emt 0:01:33] [#]} 8. Be3 $1 {[%emt 0:01:57] White is slightly better.} Rg8 9. Nxd4 {[%emt 0:00:06] [#]} Rxg7 $146 {[%emt 0:00:24] Strongly threatening ...Bg4.} ({Predecessor:} 9... Bxd4 10. Qxd4 Nc6 11. Qc5 Qxc5 12. Bxc5 Rxg7 13. O-O Be6 14. Rd1 b6 15. Be3 Rd8 16. Rxd8+ Kxd8 {1-0 (36) Abzalov,I (2118)-Stroganov,A (1914) Kostroma 2010}) 10. Nc3 $1 {[%emt 0:00:27] Nd5 is the strong threat.} Bg4 11. Qd2 Nc6 12. Nxc6 bxc6 13. Kf1 (13. O-O $14) 13... Rd8 $36 {[%emt 0:00:22][%mdl 2048] Black has the initiative.} 14. Bxc5 Rxd2 {[%emt 0:00:10] Active counter play!} 15. Bxe7 Kxe7 16. Re1+ Kf8 17. f3 Bf5 18. Re2 Rxe2 19. Nxe2 Bxc2 {[%emt 0:00:01][%mdl 4096] Endgame KRB-KRN} 20. Nd4 (20. Kf2 $11 {remains equal.}) 20... Bd3+ $17 21. Kf2 Rg5 (21... Rg6 $1 $17 {And now ...c5 would win.} 22. b4 Ke7) 22. Rd1 Ra5 23. a3 c5 24. Nc6 Rb5 25. Rd2 f6 26. Nxa7 $2 {[%emt 0:00:38][%mdl 8192] [#]} (26. a4 $11 {and White has nothing to worry.} Rb7 27. Nd8) 26... Rb6 $2 (26... Ra5 $1 $19 27. Nc8 Ra8) 27. a4 $11 Rb4 28. Nb5 Rxa4 29. Nxc7 {[%emt 0:00:01] Black must now prevent Ne6+.} Kf7 {[%emt 0:00:18] Inhibits Ne6.} 30. Nd5 Ra2 31. Nf4 $2 {[%emt 0:00:05] [#]} (31. Ke3 $11) 31... c3 $1 $17 32. Nxd3 $2 ({Don't blunder} 32. Rxd3 $2 cxb2 33. Rd7+ Ke8 $19) (32. bxc3 $17 Rxd2+ 33. Ke3) 32... cxd2 $19 33. Ke2 c4 {[%emt 0:00:06] Weighted Error Value: White=0.64/Black=0.43} 0-1

[Event "5th Vera Menchik Memorial 2022"]
[Site "Prag"]
[Date "2022.06.05"]
[Round "1.8"]
[White "Sedlak, Ludek"]
[Black "Bures, Jaroslav"]
[Result "0-1"]
[ECO "B19"]
[WhiteElo "1897"]
[BlackElo "2422"]
[Annotator "TA"]
[PlyCount "76"]
[EventDate "2022.06.05"]
[EventType "tourn"]
[EventCountry "CZE"]
[SourceTitle "playchess.com"]
[Source "ChessBase"]
[SourceQuality "1"]
[TimeControl "720+3"]

1. e4 c6 2. d4 d5 3. Nc3 dxe4 4. Nxe4 Bf5 5. Ng3 Bg6 6. Nf3 e6 7. h4 h6 8. h5 Bh7 9. Bd3 Bxd3 10. Qxd3 Nf6 11. Bf4 Qa5+ {[%emt 0:00:07] B19: Classical Caro-Kann: 4...Bf5 main line.} 12. Bd2 Bb4 13. c3 Be7 {[%emt 0:00:02] Black has an edge.} 14. Ne5 O-O {[%emt 0:00:46] [#]} 15. Nc4 $146 ({Predecessor:} 15. Ne4 Nbd7 16. Nxf6+ Nxf6 17. Rh3 Qd5 18. O-O-O Qe4 19. Qxe4 Nxe4 20. Re1 Nxd2 21. Kxd2 {0-1 (27) Bannon,E (2154)-Alvarez Pedraza,A (2489) Montreal 2017}) 15... Qa6 16. Ne5 Qxd3 17. Nxd3 Nbd7 18. O-O-O c5 19. dxc5 Nxc5 20. Be3 Rac8 21. Ne5 a6 22. f3 Nd5 {[%emt 0:00:18][%cal Bf6d5,Bd5f4,Bf4g2][%mdl 32] [#]} 23. Bf2 (23. Nf5 $1 $11) 23... Rfd8 24. Kb1 (24. Ne2 $1 $15) 24... Nf4 25. Rhg1 Rxd1+ 26. Rxd1 Nxg2 27. Bxc5 (27. Ne2 $17 {might work better.}) 27... Rxc5 $19 28. Rd7 Bh4 29. Nd3 Rg5 30. Ne4 Rxh5 {[%emt 0:00:06] White must now prevent ...b6.} 31. Rxb7 Rf5 32. Rb8+ $2 (32. a4 $17) 32... Kh7 33. Ra8 Rxf3 34. Ndc5 Ne3 {[%emt 0:00:16][%cal Rf3f1] [#]} 35. a4 g5 36. Rxa6 g4 37. Ra7 g3 38. Nxe6 (38. Nxg3 $142 Bxg3 39. a5) 38... g2 {[%emt 0:00:11] Weighted Error Value: White=0.58/Black=0.09 (flawless)} 0-1

[Event "5th Vera Menchik Memorial 2022"]
[Site "Prag"]
[Date "2022.06.05"]
[Round "1.9"]
[White "Varga, David"]
[Black "Steiner, Juraj"]
[Result "1-0"]
[ECO "C01"]
[WhiteElo "2323"]
[BlackElo "2009"]
[Annotator "TA"]
[PlyCount "75"]
[EventDate "2022.06.05"]
[EventType "tourn"]
[EventCountry "CZE"]
[SourceTitle "playchess.com"]
[Source "ChessBase"]
[SourceQuality "1"]
[TimeControl "720+3"]

1. e4 e6 2. d4 d5 3. exd5 exd5 4. Nf3 Bd6 5. c4 c6 6. Nc3 Nf6 7. Bg5 Bg4 {[%emt 0:00:22] C01: French: Exchange Variation.} 8. cxd5 {[%emt 0:00:13] [#]} cxd5 $146 ({Predecessor:} 8... O-O 9. Be2 Re8 10. O-O cxd5 11. Nxd5 Bxh2+ 12. Kxh2 Qxd5 13. Ne5 Nc6 14. Bxg4 Nxe5 15. dxe5 Qxe5+ 16. f4 Nxg4+ 17. Qxg4 Qxb2 18. Rab1 Qxa2 19. Bf6 g6 20. f5 Re2 21. fxg6 hxg6 22. Qh3 {1-0 (22) Chandler,M (1029)-Lombardi,D (863) LSS email 2013}) 9. Bb5+ Nc6 {[%emt 0:00:36] White is slightly better.} 10. Nxd5 (10. Bxf6 $5 gxf6 11. O-O $14) 10... Qa5+ 11. Nc3 {[%emt 0:00:02] h3 is the strong threat.} Ne4 12. Bd2 Nxd2 13. Qxd2 Bxf3 14. gxf3 {[%emt 0:00:38] [#] Threatens to win with d5.} O-O 15. O-O-O Rac8 {[%emt 0:00:39] Strongly threatening ...Ne7.} 16. Kb1 Bb4 {[%emt 0:00:56] And now ...Bxc3 would win.} 17. Bxc6 (17. Rhg1 $11 Ne7 18. Qg5) 17... Rxc6 $17 18. Rc1 Rfc8 19. Rhe1 Qf5+ 20. Ka1 Qxf3 21. Re3 Bxc3 22. bxc3 Qf6 23. Qe2 {[%emt 0:00:04] [#] Re8+ would kill now.} g6 24. Re8+ Rxe8 25. Qxe8+ {[%emt 0:00:01][%mdl 4096] Endgame KQR-KQR} Kg7 {[%emt 0:00:02] Hoping for ...Re6.} 26. Qe3 Re6 27. Qd2 Qf3 {[%emt 0:00:04] aiming for ...Re2.} 28. d5 Rd6 ({Black should try} 28... Re5 $17 29. Rd1 Kf8) 29. Qd4+ f6 30. c4 a6 (30... b6 $11) 31. Re1 (31. Rc3 $14 Qf5 32. Rd3) 31... g5 $2 (31... Rd7 $11) 32. Re7+ $18 Kg6 33. Rxb7 Qh1+ $2 (33... Qe2 34. Rb3 Qe5 35. Qxe5 fxe5) 34. Kb2 Qxh2 35. Qe4+ {[%emt 0:00:04] White mates.} f5 36. Qe8+ Kf6 37. Rf7+ Kg6 38. Qg8+ {[%emt 0:00:02] Weighted Error Value: White=0.11 (very precise) /Black=0.67} 1-0

[Event "5th Vera Menchik Memorial 2022"]
[Site "Prag"]
[Date "2022.06.05"]
[Round "1.10"]
[White "Rehak, Jiri"]
[Black "Jacko, Vladimir"]
[Result "0-1"]
[WhiteElo "1749"]
[BlackElo "2379"]
[Annotator "TA"]
[PlyCount "18"]
[EventDate "2022.06.05"]
[EventType "tourn"]
[EventCountry "CZE"]
[SourceTitle "playchess.com"]
[Source "ChessBase"]
[SourceQuality "1"]
[TimeControl "720+3"]

1. e4 c5 2. Be2 g6 3. Nc3 Bg7 4. f4 Nc6 5. Nf3 e6 6. d3 Nge7 7. O-O O-O 8. Be3 Nd4 {[%emt 0:00:29] [#]} 9. Nxd4 $146 {[%emt 0:00:08][%mdl 8192] [#] B23: Closed Sicilian: Lines without g3.} (9. e5 $11 {and White stays safe.}) ({Predecessor:} 9. e5 Nef5 10. Bf2 d5 11. g4 Nxf3+ 12. Bxf3 Nd4 13. Bxd4 cxd4 14. Ne2 Qb6 15. Rb1 f6 16. exf6 Bxf6 {½-½ (34) Caxita,E (1865)-Mucha,A (1998) Chess.com INT 2021}) 9... cxd4 0-1

[Event "5th Vera Menchik Memorial 2022"]
[Site "Prag"]
[Date "2022.06.05"]
[Round "1.11"]
[White "Burdalev, Kirill"]
[Black "Krejcik, Miroslav"]
[Result "1-0"]
[ECO "A48"]
[WhiteElo "2381"]
[BlackElo "1807"]
[Annotator "TA"]
[PlyCount "81"]
[EventDate "2022.06.05"]
[EventType "tourn"]
[EventCountry "CZE"]
[SourceTitle "playchess.com"]
[Source "ChessBase"]
[SourceQuality "1"]
[TimeControl "720+3"]

1. Nf3 d5 2. d4 c6 3. c4 Nf6 4. e3 g6 5. Nbd2 Bg7 6. b4 O-O 7. Bb2 Bg4 8. h3 {[%emt 0:00:00] A48: 1 d4 Nf6 2 Nf3 g6: Torre, London and Colle Systems.} Bxf3 9. Nxf3 Nbd7 10. Bd3 {[%emt 0:00:00] [#] The position is equal.} Re8 $146 ({Predecessor:} 10... dxc4 11. Bxc4 Ne4 12. Qc2 Nd6 13. Bb3 Nf6 14. Ne5 Qb6 15. a3 a5 16. bxa5 Qxa5+ {1-0 (66) Arkell,K (2480)-Berry,N (2150) Edinburgh 1997}) 11. O-O Nb6 12. c5 Nbd7 13. Qc2 Qc7 14. a4 e5 (14... b6 $1 $14) 15. dxe5 {[%emt 0:00:00] White is more active.} Ne4 16. Bxe4 dxe4 17. Qxe4 (17. Nd2 {is more complex.} Bxe5 18. Bxe5 Qxe5 19. Nc4) 17... Nxe5 18. Bxe5 Bxe5 19. Nxe5 Qxe5 20. Qc4 Re7 (20... Rad8 $142) 21. Rad1 $16 Rae8 22. Rd6 Qe4 23. Rd4 Qe6 24. Qxe6 Rxe6 $18 {[%emt 0:00:00][%mdl 4096] Endgame KRR-KRR} 25. Rfd1 Kf8 26. Rd7 R6e7 27. Kf1 Rxd7 (27... a5 $16 28. bxa5 Ra8 29. Rxe7 Kxe7) 28. Rxd7 Re7 $2 {[%emt 0:00:00] [#]} (28... Rb8 29. a5 Kg7) 29. Rxe7 Kxe7 {[%emt 0:01:00] KP-KP} 30. Ke2 Ke6 31. e4 f5 32. Ke3 g5 33. f4 h6 34. exf5+ Kxf5 35. g4+ Ke6 36. Ke4 {[%emt 0:00:00] White mates.} gxf4 37. Kxf4 b6 38. cxb6 axb6 39. Ke4 Kd6 40. h4 Ke6 41. a5 {[%emt 0:00:00] Black got outplayed after the opening.  Weighted Error Value: White=0.07 (flawless) /Black=0.47} 1-0

[Event "5th Vera Menchik Memorial 2022"]
[Site "Prag"]
[Date "2022.06.05"]
[Round "1.12"]
[White "Tejkal, Jiri"]
[Black "Hrabusa, Matej"]
[Result "1/2-1/2"]
[ECO "D02"]
[WhiteElo "1869"]
[BlackElo "2361"]
[Annotator "TA"]
[PlyCount "97"]
[EventDate "2022.06.05"]
[EventType "tourn"]
[EventCountry "CZE"]
[SourceTitle "playchess.com"]
[Source "ChessBase"]
[SourceQuality "1"]
[TimeControl "720+3"]

1. d4 d5 2. Nf3 Nf6 3. Bf4 c5 4. e3 Nc6 5. c3 Qb6 6. Qb3 c4 7. Qc2 Bf5 8. Qc1 e6 9. Nbd2 Be7 10. Be2 {[%emt 0:00:03] D02: 1 d4 d5 2 Nf3 sidelines, including 2...Nf6 3 g3 and 2...Nf6 3 Bf4.} O-O 11. O-O Rfc8 12. b3 cxb3 13. axb3 {[%emt 0:00:12] [#]} Nb4 $1 14. Qb2 (14. Ne1 Ne4) 14... Nd3 15. Bxd3 Bxd3 16. Rfc1 {[%emt 0:00:12] [#]} Nd7 $146 ({Predecessor:} 16... Nh5 17. Bg5 f6 18. Bh4 g5 19. Bg3 Nxg3 20. hxg3 Rc6 21. Ne1 Bg6 22. b4 Rac8 {0-1 (43) Georgiev,K (2636)-Artemiev,V (2524) Khanty-Mansiysk 2013}) 17. Ne5 (17. Ne1 $15 Bf5 18. c4) 17... Nxe5 $17 18. Bxe5 a5 19. Ra2 Qd8 20. c4 Bb4 21. c5 Bb5 (21... Rc6 $17 22. Nf3 Rac8) 22. Nb1 b6 23. Nc3 Be8 {[%emt 0:00:08] This bishop pair is nice.} 24. Na4 Bxa4 25. Rxa4 f6 26. Bd6 bxc5 (26... Rc6 $15) 27. Bxc5 $11 ({Reject} 27. dxc5 Ra6 $15) 27... Bxc5 28. Rxc5 Rxc5 29. dxc5 $15 {[%emt 0:00:01][%mdl 4096] Endgame KQR-KQR} Qd7 30. Qc3 Qb5 31. c6 Rc8 32. c7 Qb6 33. Qxa5 {[%emt 0:01:03] [#]} Rxc7 $1 {[%emt 0:00:10] ( -> ...Rc1+)} 34. h3 (34. g4 Qxb3) 34... Qd6 ({Much weaker is} 34... Rc1+ 35. Kh2 Qc7+ 36. g3 $11 (36. Qxc7 Rxc7 37. Kg3 Kf7 $11)) (34... Qxb3 $15 35. Rb4 Qd1+ 36. Kh2 Qc2) 35. Qa8+ {[%emt 0:00:24] The position is equal.} Kf7 36. Ra7 Rxa7 37. Qxa7+ $11 {[%emt 0:00:01] KQ-KQ} Kg6 38. Qd4 e5 39. Qd3+ Kh6 40. Qd2 {[%emt 0:00:19] Strongly threatening e4+.} g5 41. b4 d4 42. b5 Qb6 43. exd4 exd4 44. Qb4 d3 45. Qf8+ Kg6 46. Qg8+ Kh6 47. Qf8+ Kg6 48. Qg8+ Kh6 49. Qf8+ {[%emt 0:00:02] Weighted Error Value: White=0.07 (flawless) /Black=0.11 (very precise)} 1/2-1/2